 Dungeon Crawl Stone Soup version 0.29.1-12-g30fa7ad0bf (webtiles) character file.

Game seed: 937881667158721414

197 Ihaveafatcat the Chopper (level 5, 0/47 HPs)
             Began as a Hill Orc Fighter on Jan 5, 2023.
             Succumbed to a killer bee's poison
             ... on level 5 of the Dungeon on Jan 7, 2023.
             The game lasted 00:08:05 (3081 turns).

Ihaveafatcat the Chopper (Hill Orc Fighter)         Turns: 3081, Time: 00:08:05

Health: 0/47       AC: 11    Str: 21    XL:     5   Next: 75%
Magic:  5/5        EV:  5    Int:  8    God:
Gold:   178        SH:  4    Dex: 10    Spells: 4/4 levels left

rFire   + . .      SeeInvis .   a - +0 war axe
rCold   . . .      Faith    .   c - +0 buckler
rNeg    . . .      Spirit   .   i - +0 plate armour
rPois   .          Reflect  .   (no helmet)
rElec   .          Harm     .   (no cloak)
rCorr   .          Rampage  .   (no gloves)
Will    .....                   (no boots)
Stlth   ..........              (no amulet)
HPRegen 0.15/turn               g - ring of protection from fire
MPRegen 0.09/turn               (no ring)

@: lethally poisoned (0 -> -27)
A: no striking features
a: no special abilities


You were on level 5 of the Dungeon.
You visited 1 branch of the dungeon, and saw 5 of its levels.

You collected 178 gold pieces.

Inventory:

Hand Weapons
 a - a +0 war axe (weapon)
Armour
 c - a +0 buckler (worn)
 i - a +0 plate armour (worn)
Jewellery
 g - a ring of protection from fire (left hand)
Wands
 q - a wand of digging (3)
 r - a wand of charming (2)
Scrolls
 e - a scroll of blinking
 f - 2 scrolls of fog
 h - a scroll of vulnerability {unknown}
 k - a scroll of immolation
 l - a scroll of magic mapping
 t - 2 scrolls of identify
 u - a scroll of teleportation {unknown}
Potions
 b - a potion of heal wounds
 d - a potion of might
 j - a potion of lignification {unknown}
 m - a potion of resistance {unknown}
 n - a potion of ambrosia {unknown}
 o - a potion of curing {unknown}
 p - a potion of cancellation {unknown}
 s - 2 potions of mutation


   Skills:
 + Level 4.5 Fighting
 + Level 5.5 Axes
 + Level 4.3 Armour
 + Level 0.1 Dodging
 + Level 0.2 Stealth
 + Level 3.7 Shields


You had 4 spell levels left.
You didn't know any spells.
Your spell library contained the following spells:

 Spells                   Type           Power      Damage    Failure   Level
 Apportation              Tloc           0%         N/A       100%        1
 Necrotise                Necr           0%         1d4       100%        1
 Sting                    Tmut/Pois      0%         1d3       100%        1
 Summon Small Mammal      Summ           0%         N/A       100%        1
 Ensorcelled Hibernation  Hex/Ice        0%         N/A       100%        2
 Passwall                 Tmut/Erth      0%         N/A       100%        2
 Poisonous Vapours        Pois/Air       0%         N/A       100%        2
 Conjure Flame            Conj/Fire      0%         6-21      100%        3
 Gell's Gravitas          Tloc           0%         N/A       100%        3
 Ignite Poison            Fire/Tmut/Pois 0%         N/A       100%        3
 Lesser Beckoning         Tloc           0%         N/A       100%        3
 Swiftness                Air            0%         N/A       100%        3
 Teleport Other           Tloc           0%         N/A       100%        3
 Olgreb's Toxic Radiance  Pois           0%         N/A       100%        4
 Sticky Flame             Conj/Fire      0%         2d3       100%        4
 Iskenderun's Battlesphe  Conj           0%         2d6       100%        5
 Iron Shot                Conj/Erth      0%         9d1       100%        6
 Spellforged Servitor     Conj/Summ      0%         N/A       100%        7


Dungeon Overview and Level Annotations

Branches:
Dungeon (5/15)
 Temple: D:4-7

Altars:
Dithmenos
Hepliaklqana

Annotations:
D:4 2 runed translucent doors, xian's ghost, amateur OgAK


Message History

You see here a killer bee corpse.
There are monsters nearby!
You closely miss the killer bee. You miss the killer bee.
The killer bee stings you.
You are poisoned.
The killer bee poisons you! You block the killer bee's attack. x2
The killer bee stings you but does no damage. x2
The killer bee stings you!
You are more poisoned.
The killer bee poisons you!
You hit the killer bee.
The killer bee is lightly wounded.
You miss the killer bee.
You hit the shadow imp but do no damage.
You feel very sick. The killer bee barely misses you.
You block the killer bee's attack. You block the shadow imp's attack.
The killer bee barely misses you. The killer bee stings you.
You are lethally poisoned!
The killer bee poisons you!
Unknown command.
Unknown command.
Unknown command.
You hit the killer bee.
The killer bee is moderately wounded.
You barely miss the shadow imp. You slash the killer bee!
You feel very sick.
The killer bee stings you but does no damage.
The killer bee stings you.
* * * LOW HITPOINT WARNING * * *
You are more poisoned.
The killer bee poisons you!
The killer bee stings you but does no damage.
You block the killer bee's attack.
The shadow imp hits you but does no damage.
The killer bee stings you.
* * * LOW HITPOINT WARNING * * *
The killer bee barely misses you.
The shadow imp hits you but does no damage.
You die...

....## ##
.)...###.####
#.......r..##
#...........
#.......#
#.....#
#..<..#
#.....# .
##..@..#...♣
#..5†.......
#..yy....#~.
#....#####
#....# #.....
......
#...!..
.......#


You could see 2 killer bees, a shadow imp and a neutral quokka (wandering).

Vanquished Creatures
  A killer bee (D:5)
  Ijyb (D:3)
  5 adders
  A worm (D:2)
  2 dart slugs
  5 orcs (D:4)
  9 ball pythons
  6 bats
  5 endoplasms
  5 giant cockroaches
  7 goblins
  5 hobgoblins
  2 jackals (D:3)
  2 quokkas
  2 frilled lizards
  3 kobolds
  7 rats
68 creatures vanquished.

Notes
Turn   | Place    | Note
-------+----------+-------------------------------------------
     0 | D:1      | Ihaveafatcat the Hill Orc Fighter began the quest for the
                  | Orb.
     0 | D:1      | Reached XP level 1. HP: 19/19 MP: 1/1
   114 | D:1      | Reached XP level 2. HP: 24/27 MP: 2/2
   322 | D:1      | You fall into a shaft and drop 1 floor!
   331 | D:2      | Reached skill level 3 in Axes
   371 | D:2      | Reached XP level 3. HP: 20/33 MP: 3/3
   790 | D:2      | Reached skill level 4 in Axes
   790 | D:2      | Reached XP level 4. HP: 40/40 MP: 4/4
  1635 | D:3      | Noticed Ijyb
  1650 | D:3      | Killed Ijyb
  2026 | D:4      | Reached XP level 5. HP: 44/47 MP: 5/5
  2426 | D:4      | Reached skill level 5 in Axes
  2442 | D:4      | Found a shadowy altar of Dithmenos.
  2443 | D:4      | Found a hazy altar of Hepliaklqana.
  2447 | D:4      | Noticed a shadow
  2490 | D:4      | Found a runed translucent door.
  2490 | D:4      | Noticed xian's ghost (amateur OgAK)
  2502 | D:4      | Found a runed translucent door.
  3073 | D:5      | Entered Level 5 of the Dungeon
  3081 | D:5      | Succumbed to a killer bee's poison

Illustrated notes

Levels and vault maps discovered:
D:1:      psy_arrival_radial01, layout_basic, serial_glass, glass_columns_b,
          glass_columns_a, feat_on_display, minmay_strange_pillars,
          shapermc_ecumenical_altar_pompeii
D:2:      layout_rooms
D:3:      layout_basic, minmay_increasing_density, uniq_ijyb
D:4:      layout_loops_ring, riverfiend_overflow_shadow_ancestor,
          ebering_ghost_sewer_f
D:5:      layout_layer_cave, elyvilon_altar_4, mainiacjoe_overflow_swirl,
          chequers_serial_rivers_small_3, nicolae_hexahallways,
          minmay_misc_feat_chi, hangedman_decor_slide_cut,
          minmay_manual_mandibuliform, uniq_crazy_yiuf_cottage

Skill      XL: |  1  2  3  4  5 |
---------------+----------------+-----
Fighting       | 4 |  4.5
Axes           | 3 4 5 |  5.5
Armour         | 4 |  4.3
Dodging        | |  0.1
Stealth        | |  0.2
Shields        | |  3.7

Action                   |  1- 3 |  4- 6 || total
-------------------------+-------+-------++-------
Melee: War axe           |    99 |   116 ||   215
  Use: Scroll            |       |     6 ||     6
       Potion            |       |     1 ||     1
Armor: Scale mail        |    55 |       ||    55
       Plate armour      |       |   100 ||   100
Dodge: Dodged            |    62 |    34 ||    96
Block: Buckler           |    23 |    32 ||    55
